 Dungeon Crawl Stone Soup version 0.31-a0-984-gbfb7dba898 (webtiles) character file.

Game seed: 17404197732261706207

6475 Jannitor the Nimble (level 10, 63/63 HPs)
             Began as a Deep Elf Delver on Nov 3, 2023.
             Was an Initiate of Yredelemnul.
             Quit the game on level 10 of the Dungeon.
             The game lasted 00:24:38 (10717 turns).

Jannitor the Nimble (Deep Elf Delver)              Turns: 10717, Time: 00:24:38

Health: 63/63      AC:  5    Str:  9    XL:     10   Next: 68%
Magic:  17/17      EV: 18    Int: 20    God:    Yredelemnul [......]
Gold:   618        SH:  0    Dex: 21    Spells: 5/9 levels left

rFire   . . .        p - +3 dagger of Expedience {flame, rN+ Dex+5 Stlth+}
rCold   . . .        (no shield)
rNeg    + + .        b - +1 leather armour
rPois   .            (no helmet)
rElec   .            (no cloak)
rCorr   .            j - +0 pair of gloves
SInv    .            (no boots)
Will    ++...        H - amulet of magic regeneration
Stlth   ++++         B - ring of willpower
HPRegen 0.30/turn    f - ring of positive energy
MPRegen 0.55/turn

%: no passive effects
@: no status effects
A: no striking features
a: Renounce Religion, Recall Undead Harvest


You were on level 10 of the Dungeon.
You worshipped Yredelemnul.
Yredelemnul was noncommittal.
You visited 2 branches of the dungeon, and saw 12 of its levels.

You collected 618 gold pieces.

Inventory:

Hand Weapons
 a - a +0 short sword
 n - a +0 whip of draining
 p - the +3 dagger of Expedience (weapon) {flame, rN+ Dex+5 Stlth+}
   (You found it on level 2 of the Dungeon)

   Dex+5:     It affects your dexterity (+5).
   rN+:       It protects you from negative energy.
   Stlth+:    It makes you more stealthy.
Missiles
 e - 28 poisoned darts
 r - 2 throwing nets
Armour
 b - a +1 leather armour (worn)
 h - a +0 buckler
 j - a +0 pair of gloves (worn)
 l - the +0 pair of gloves of the Salamander {Harm rN+}
   (You found it on level 6 of the Dungeon)

   rN+:       It protects you from negative energy.
   Harm:      It increases damage dealt and taken.
Magical Staves
 i - a staff of fire
Jewellery
 f - a ring of positive energy (right hand)
 v - a ring of magical power
 B - a ring of willpower (left hand)
 G - an amulet of the acrobat
 H - an amulet of magic regeneration (around neck)
Talismans
 q - a maw talisman
Wands
 g - a wand of digging (3)
 s - a wand of flame (18)
 t - a wand of mindburst (1)
Scrolls
 c - 2 scrolls of fog
 d - a scroll of enchant armour
 o - 2 scrolls of blinking
 u - a scroll of teleportation {unknown}
 w - 2 scrolls of vulnerability
 y - 3 scrolls of enchant weapon
 A - a scroll of fear
 C - 4 scrolls of identify
Potions
 k - 4 potions of curing
 m - a potion of degeneration {unknown}
 x - a potion of enlightenment {unknown}
 z - 2 potions of berserk rage {unknown}
 D - a potion of might
 E - 2 potions of mutation {unknown}
 F - a potion of haste
 I - a potion of heal wounds {unknown}


   Skills:
 + Level 7.1 Fighting
 + Level 8.2 Short Blades
 + Level 9.8 Dodging
 - Level 6.0 Stealth
 + Level 5.6 Translocations
 + Level 7.6 Invocations


You had 5 spell levels left.
You knew the following spells:

 Your Spells              Type           Power      Damage    Failure   Level
a - Manifold Assault      Tloc           22%        N/A       26%         4

Your spell library contained the following spells:

 Spells                   Type           Power      Damage    Failure   Level
 Necrotise                Necr           0%         1d4       26%         1
 Cigotuvi's Dreadful Rot  Necr/Pois/Air  0%         N/A       38%         2
 Ensorcelled Hibernation  Hex/Ice        0%         N/A       38%         2
 Passwall                 Tmut/Erth      0%         N/A       38%         2
 Frozen Ramparts          Ice            0%         1d1       63%         3
 Ignite Poison            Fire/Tmut/Pois 0%         N/A       63%         3
 Swiftness                Air            0%         N/A       63%         3
 Vampiric Draining        Necr           0%         2d6       63%         3
 Petrify                  Tmut/Erth      0%         N/A       95%         4
 Agony                    Necr           0%         N/A       100%        5
 Freezing Cloud           Conj/Ice/Air   0%         6-21      100%        5
 Metabolic Englaciation   Hex/Ice        0%         N/A       100%        5
 Dispersal                Tloc           11%        N/A       99%         6
 Conjure Ball Lightning   Conj/Air       0%         3x3d6     100%        6
 Discord                  Hex            0%         N/A       100%        8
 Disjunction              Tloc           11%        N/A       100%        8


Dungeon Overview and Level Annotations

Branches:
Dungeon (11/15)            Temple (0/1) D:6            Lair (1/5) D:9
    Orc (0/2) D:10

Altars:
Ashenzari
Kikubaaqudgha
Makhleb
Nemelex Xobeh
Vehumet
Wu Jian
Yredelemnul
Zin

Annotations:
D:4 2 transporters, exclusion: black bear, kal9871's ghost, novice DjSh


Message History

You puncture the yak! You burn the yak.
You kill the yak!
No target in view!
No target in view!
No target in view!
No target in view!
No target in view!
No target in view!
No target in view!
No target in view!
No target in view!
No target in view!
No target in view!
You start resting.
HP restored.
There is a stone staircase leading down here.
You climb downwards.
The centaur warrior shouts!
The centaur warrior wields a +3 shortbow.
The centaur warrior shoots an arrow.
The arrow closely misses you.
You hear a horrible gurgling sound!
Found a cloak.
There is a stone staircase leading up here.
Okay, then.
Unknown command.
Aiming: Mindburst
Press: ? - help, Shift-Dir - straight line, f - centaur warrior
Aim: a centaur warrior, wielding a +3 shortbow (chance to affect: 47%)
The centaur warrior resists with some effort.
The centaur warrior shoots an arrow.
The arrow hits you!!
A red ugly thing comes into view.
The centaur warrior shoots an arrow.
The arrow completely misses you.
The centaur warrior shoots an arrow.
The arrow misses you.
You climb upwards.
There is a stone staircase leading down here.
Unknown command.
Unknown command.
You start resting.
HP restored.
Are you sure you want to abandon this character and quit the game? (Confirm with "yes".)

#.#(...# #....# ##...###.....##
#.#.##Z# #....# #...####...##
#.#.##.# #....# #.........####
#.#.##.####....#####..########..
#.#........#)......#..########..
#.####.####.#..###..............
#...............................
######.#######..#####.######....
#.#######.@# #.# #.#..
#..........# #.# #.#..
#########.## #.# #Z###
#...######.# #.### #.###......#
#.... #.# #.####.# ##### #Z#
#.####.########## #Z#
#...............# #Z#
#..###..#######.#


There were no monsters in sight!

Vanquished Creatures
  A troll (D:7)
  Grinder (D:6)
  2 wyverns (D:10)
  A wraith (D:9)
  A yak (D:10)
  A shadow (D:9)
  Menkaure (D:7)
  3 wargs
  An acid dragon (D:10)
  A water moccasin (D:9)
  6 orc warriors (D:10)
  2 ice beasts (D:6)
  A centaur (D:8)
  A lemure (D:7)
  A phantom (D:7)
  A gnoll sergeant (D:6)
  3 bullfrogs
  5 scorpions
  3 killer bees (D:8)
  5 howler monkeys
  4 hounds
  2 jellies
  4 orc priests
  A gnoll bouda (D:7)
  6 iguanas
  11 orc wizards
  7 gnolls
  7 adders
  3 white imps
  2 dart slugs
  29 orcs
  8 endoplasms
  3 giant cockroaches
  8 goblins
  2 hobgoblins
  8 kobolds
  2 quokkas
  6 ball pythons
  8 bats
  6 frilled lizards
  3 rats
171 creatures vanquished.

Vanquished Creatures (collateral kills)
  A two-headed ogre (D:8)
  Pikel (D:7)
  A warg (D:9)
  A black bear (D:7)
  2 ogres (D:5)
  A lemure (D:7)
  2 kobold brigands (D:8)
  A bullfrog (D:8)
  A scorpion (D:5)
  A killer bee (D:8)
  A howler monkey (D:7)
  2 orc priests
  An iguana (D:5)
  An orc wizard (D:9)
  4 gnolls
  An adder (D:5)
  2 orcs
  2 ball pythons (D:1)
  A goblin (D:3)
  2 hobgoblins
  5 kobolds (D:8)
  2 rats
36 creatures vanquished.

Vanquished Creatures (others)
  A bullfrog zombie (D:9)
  A scorpion zombie (D:7)
  2 killer bee zombies (D:8)
  2 ice beast zombies (D:6)
  3 hound zombies
  2 adder zombies
  A jelly zombie (D:5)
  A gnoll zombie (D:3)
  An endoplasm zombie (D:3)
  A goblin zombie (D:4)
  8 orc zombies
  A quokka zombie (D:3)
24 creatures vanquished.

Grand Total: 231 creatures vanquished

Notes
Turn   | Place    | Note
-------+----------+-------------------------------------------
     0 | D:5      | Jannitor the Deep Elf Delver began the quest for the Orb.
     0 | D:5      | Reached XP level 1. HP: 13/13 MP: 3/3
     8 | D:5      | Noticed a scorpion
    69 | D:5      | Noticed an ogre
    73 | D:5      | Noticed an orc wizard
   106 | D:6      | Found a broken altar of Ashenzari.
   106 | D:6      | Found a basalt altar of Yredelemnul.
   110 | D:6      | Noticed Grinder
   114 | D:6      | Became a worshipper of Yredelemnul the Dark
   129 | D:5      | Noticed an orc wizard
   129 | D:5      | Found an ornate altar of the Wu Jian Council.
   156 | D:5      | Noticed an iguana
   165 | D:5      | Noticed a jelly
   179 | D:5      | Noticed a scorpion
   182 | D:4      | Found a transporter.
   200 | D:4      | Noticed a quasit
   202 | D:4      | Noticed kal9871's ghost (novice DjSh)
   204 | D:4      | Noticed a quasit
   204 | D:4      | Noticed a quasit
   205 | D:4      | Noticed a quasit
   218 | D:4      | Found a transporter.
   326 | D:4      | Reached XP level 2. HP: 18/18 MP: 4/4
   332 | D:4      | Found a burning altar of Makhleb.
   364 | D:4      | Reached skill level 3 in Dodging
   447 | D:4      | Noticed a black bear
   471 | D:4      | Noticed a scorpion
   491 | D:4      | Killed a scorpion
   492 | D:4      | Reached XP level 3. HP: 23/23 MP: 5/5
   492 | D:4      | Reached XP level 4. HP: 28/28 MP: 6/6
   735 | D:3      | Reached skill level 4 in Dodging
   843 | D:3      | Reached * piety under Yredelemnul
   865 | D:3      | Reached XP level 5. HP: 11/32 MP: 7/7
  1523 | D:2      | Identified the +0 chain mail of the First Snow {-Cast
                  | *Corrode rF++ Stlth+}
  1741 | D:1      | Reached ** piety under Yredelemnul
  1742 | D:1      | Found a faded altar of an unknown god.
  2493 | D:2      | Identified the +3 dagger of Expedience {flame, rN+ Dex+5
                  | Stlth+}
  3388 | D:3      | Reached XP level 6. HP: 23/38 MP: 8/8
  3601 | D:5      | Reached skill level 5 in Dodging
  3601 | D:5      | Reached skill level 1 in Invocations
  3734 | D:5      | Reached XP level 7. HP: 20/43 MP: 10/10
  4196 | D:5      | Reached skill level 5 in Short Blades
  4196 | D:5      | Reached skill level 6 in Dodging
  4327 | D:5      | Found a sparkling altar of Nemelex Xobeh.
  4548 | D:6      | Found a staircase to the Ecumenical Temple.
  4905 | D:6      | Reached XP level 8. HP: 48/48 MP: 12/12
  4997 | D:6      | Paralysed by Grinder for 4 turns
  5005 | D:6      | Killed Grinder
  5006 | D:6      | Reached skill level 5 in Fighting
  5246 | D:6      | Reached skill level 7 in Dodging
  5740 | D:6      | Identified the +0 pair of gloves of the Salamander {Harm
                  | rN+}
  5865 | D:7      | Noticed Menkaure
  5874 | D:6      | Learned a level 4 spell: Manifold Assault
  5930 | D:7      | Noticed a troll
  6077 | D:7      | Noticed Pikel
  6139 | D:7      | Killed a troll
  6140 | D:7      | Reached skill level 1 in Translocations
  6140 | D:7      | Reached skill level 5 in Invocations
  6145 | D:7      | Killed Menkaure
  6146 | D:7      | Reached XP level 9. HP: 32/55 MP: 14/14
  6399 | D:7      | Killed Pikel
  6400 | D:7      | Reached skill level 8 in Dodging
  6733 | D:7      | Found a glowing silver altar of Zin.
  6823 | D:8      | Found an ancient bone altar of Kikubaaqudgha.
  6830 | D:8      | Found a radiant altar of Vehumet.
  7127 | D:8      | Noticed a two-headed ogre
  7133 | D:8      | Killed a two-headed ogre
  7134 | D:8      | Reached *** piety under Yredelemnul
  7243 | D:8      | Reached XP level 10. HP: 58/61 MP: 16/16
  7587 | D:9      | Found a staircase to the Lair.
  7622 | D:10     | Entered Level 10 of the Dungeon
  7720 | D:10     | Reached skill level 9 in Dodging
  8564 | D:9      | Reached skill level 5 in Translocations
  9230 | Lair:1   | Entered Level 1 of the Lair of Beasts
  9991 | D:10     | Found a staircase to the Orcish Mines.
 10652 | D:11     | Noticed a centaur warrior
 10653 | D:11     | Noticed a red ugly thing
 10717 | D:10     | Quit the game

Illustrated notes

Levels and vault maps discovered:
D:1:      ebering_hopf_link, layout_basic,
          hellmonk_ecumenical_altar_leap_of_faith
D:2:      layout_loops_cross, amcnicky_mini_corridor_feature,
          supply_closet_lemuel, hangedman_decor_lopped
D:3:      wad_river_or_something, layout_basic, nicolae_houndstooth_variations
D:4:      layout_rooms, lightli_temple_of_fire, gammafunk_ghost_stat_death
D:5:      layout_basic, pdpol_wu_jian_five_deadly_venoms,
          nemelex_dance_club_becter
D:6:      layout_basic, chequers_temple_overflow_statue_of_worship,
          temple_pool_b, uniq_grinder
D:7:      layout_rooms, zin_statuary, uniq_pikel, uniq_menkaure
D:8:      layout_basic, grunt_temple_overflow_open
D:9:      layout_stronghold, erik_lair_orcish_takeover
D:10:     layout_loops_ring, david_orc_1_choice
D:11:     layout_cross
Lair:1:   lemuel_ratsnest, layout_cave_pods, hibernation_bobbens

Skill      XL: |  1  2  3  4  5  6  7  8  9 10 |
---------------+-------------------------------+-----
Dodging        | 3 4 5 6 7 8 9 |  9.8
Fighting       | 3 4 5 6 7 |  7.1
Short Blades   | 3 4 5 6 7 8 |  8.2
Invocations    | 2 3 5 6 7 |  7.6
Translocations | 1 4 5 |  5.6
Stealth        | |  6.0

Action                     |  1- 3 |  4- 6 |  7- 9 | 10-12 || total
---------------------------+-------+-------+-------+-------++-------
  Melee: Short sword       |    49 |   165 |       |       ||   214
         Punch             |     2 |     2 |     2 |     5 ||    11
         Dagger            |       |    70 |   200 |   226 ||   496
 Invoke: Recall Undead Har |       |     1 |     1 |     1 ||     3
         Dark Bargain      |       |       |       |     1 ||     1
  Evoke: Wand              |     4 |     9 |    29 |    12 ||    54
    Use: Scroll            |     3 |     2 |     4 |     1 ||    10
         Potion            |     2 |     2 |     2 |     4 ||    10
   Stab: Sleeping          |       |    24 |     9 |     9 ||    42
         Distracted        |       |       |     2 |     3 ||     5
         Invisible         |       |       |     2 |     4 ||     6
 Armour: Leather armour    |    18 |   115 |    78 |    87 ||   298
  Dodge: Dodged            |    30 |   114 |    98 |   109 ||   351

Table legend: (Time is in decaauts)
 A = Elapsed time spent in this place.
 B = Non-inter-level travel time spent in this place.
 C = Inter-level travel time spent in this place.
 D = Time resting spent in this place.
 E = Time spent auto-exploring this place.
 F = Levels seen in this place.
 G = Mean time per level.
                   A        B        C        D        E       F      G
               +--------+--------+--------+--------+--------+-----+--------+
         Total |  10532 |   9923 |    609 |   2032 |   5949 |  12 |  877.7 |
       Dungeon |  10485 |   9876 |    609 |   2032 |   5914 |  11 |  953.2 |
          Lair |     46 |     46 |      0 |      0 |     35 |   1 |   46.0 |
               +--------+--------+--------+--------+--------+-----+--------+

Top non-repeatable levels by time:
     D:6: 1614 daAuts
    D:10: 1571 daAuts
     D:9: 1460 daAuts
     D:3: 1273 daAuts
     D:5: 966 daAuts
     D:1: 894 daAuts
     D:7: 761 daAuts
     D:2: 731 daAuts
     D:8: 728 daAuts
     D:4: 472 daAuts
  Lair:1: 46 daAuts
    D:11: 10 daAuts
